 Dungeon Crawl Stone Soup version 0.29-a0-919-gd064cfad1c (webtiles) character file.

Game seed: 1219274593241509503

275153 mcwallace the Peltast (level 20, -9/106 HPs)
             Began as a Vine Stalker Fighter on July 26, 2022.
             Was the Champion of the Shining One.
             Mangled by a merfolk impaler
             ... wielding a +1 trident of flaming
              (10 damage)
             ... on level 3 of the Shoals on July 27, 2022.
             The game lasted 02:19:30 (32485 turns).

mcwallace the Peltast (Vine Stalker Fighter)       Turns: 32485, Time: 02:19:31

Health: -9/106     AC: 21    Str: 29    XL:     20   Next: 74%
Magic:  0/41       EV: 11    Int: 12    God:    the Shining One [******]
Gold:   1032       SH:  0    Dex: 29    Spells: 32/41 levels left

rFire   + + .      SeeInvis +   u - +9 quick blade (vorpal) {shortrare=g}
rCold   + . .      Faith    .   Q - +0 tower shield of the Worm {rPois Str+4}
rNeg    + + +      Spirit   +   s - +4 moon troll leather armour {Spirit, Regen++ MP+5}
rPois   +          Reflect  .   L - +0 helmet of Xeorusom {rElec Dex+7 SInv}
rElec   +          Harm     .   N - +2 cloak
rCorr   .          Rampage  .   M - +1 Delatra's gloves {ID++}
Will    ++...                   j - +1 pair of boots of a Labyrinth {rF+ Dex+3 SInv}
Stlth   +.........              k - amulet of Qolatyno {RegenMP rF+ rN+ Str+4 Stlth+}
HPRegen 2.67/turn               K - ring "Zideuv" {rC+ Int+2 SInv Stlth+}
MPRegen 0.67/turn               c - ring of the Octopus King {HP+2 AC+2 EV+2 SH+2 SInv}

@: engulfed (cannot breathe), wereblooded, mesmerised, held, glowing, studying 2
skills, very slow
A: fangs 3, regeneration 1, magic shield, antimagic bite, no potion heal 2
}: 1/15 runes: gossamer
a: Renounce Religion, Divine Shield, Cleansing Flame, Summon Divine Warrior,
Brand Weapon With Holy Wrath


You were on level 3 of the Shoals.
You worshipped the Shining One.
The Shining One was exalted by your worship.
You visited 6 branches of the dungeon, and saw 30 of its levels.
You visited the Abyss 1 time.
You also visited: Gauntlet and Volcano.

You collected 3857 gold pieces.
You spent 2825 gold pieces at shops.


Innate Abilities, Weirdness & Mutations

You have razor-sharp teeth.
Your natural rate of healing is unusually fast.
When hurt, damage is shared between your health and your magic reserves.
Your bite disrupts and absorbs the magic of your enemies.
Potions cannot restore your health.


   Skills:
 - Level 10.8 Fighting
 - Level 9.0 Short Blades
 - Level 8.5 Armour
 - Level 7.2 Dodging
 - Level 16.0 Shields
 - Level 11.4 Spellcasting
 + Level 7.7 Transmutations
 + Level 7.0 Ice Magic
 - Level 13.3 Air Magic
 - Level 9.3 Poison Magic
 + Level 13.1 Invocations


You had 32 spell levels left.
You knew the following spells:

 Your Spells              Type           Power      Damage    Failure   Level
a - Frozen Ramparts       Ice            46%        1d6       6%          3
b - Wereblood             Tmut           25%        N/A       2%          2
c - Olgreb's Toxic Radia  Pois           29%        N/A       8%          4

Your spell library contained the following spells:

 Spells                   Type           Power      Damage    Failure   Level
 Freeze                   Ice            92%        1d10      1%          1
 Sting                    Tmut/Pois      100%       1d8       1%          1
 Poisonous Vapours        Pois/Air       68%        N/A       1%          2
 Swiftness                Air            38%        N/A       1%          3
 Passwall                 Tmut/Erth      13%        N/A       12%         2
 Ensorcelled Hibernation  Hex/Ice        30%        N/A       13%         2
 Alistair's Intoxication  Tmut/Pois      18%        N/A       30%         5
 Apportation              Tloc           12%        N/A       36%         1
 Blade Hands              Tmut           12%        N/A       38%         5
 Blink                    Tloc           12%        N/A       50%         2
 Sublimation of Blood     Necr           6%         N/A       50%         2
 Petrify                  Tmut/Erth      16%        N/A       58%         4
 Hailstorm                Conj/Ice       15%        3d5       65%         4
 Call Canine Familiar     Summ           6%         N/A       73%         3
 Gell's Gravitas          Tloc           6%         N/A       73%         3
 Inner Flame              Hex/Fire       6%         N/A       73%         3
 Portal Projectile        Hex/Tloc       12%        N/A       73%         3
 Teleport Other           Tloc           6%         N/A       73%         3
 Eringya's Noxious Bog    Tmut/Pois      13%        N/A       86%         6
 Irradiate                Conj/Tmut      8%         3d14      91%         5
 Animate Armour           Summ/Erth      12%        N/A       98%         4
 Cause Fear               Hex            3%         N/A       98%         4
 Leda's Liquefaction      Hex/Erth       3%         N/A       98%         4
 Storm Form               Tmut/Air       16%        N/A       99%         7
 Lee's Rapid Deconstruct  Erth           3%         3d6*      100%        5
 Manifold Assault         Tloc           6%         N/A       100%        5
 Summon Forest            Summ/Tloc      3%         N/A       100%        5
 Dispersal                Tloc           3%         N/A       100%        6
 Iron Shot                Conj/Erth      3%         9d2       100%        6
 Statue Form              Tmut/Erth      10%        N/A       100%        6
 Dragon Form              Tmut           12%        N/A       100%        7
 Summon Hydra             Summ           3%         N/A       100%        7
 Discord                  Hex            3%         N/A       100%        8

Inventory:

Hand Weapons
 e - a +2 long sword of flaming {long}
   (You took it off a tengu warrior on level 9 of the Dungeon)
 u - a +9 vorpal quick blade (weapon) {shortrare=g}
   (You acquired it on level 5 of the Lair of Beasts)
 D - a +0 scimitar of flaming {long}
   (You took it off Azrael on level 13 of the Dungeon)
 F - a +4 arbalest of flaming {crossbow}
   (You found it in a Gauntlet)
 R - a +1 scimitar of flaming {long}
   (You took it off an efreet on level 9 of the Dungeon)
Missiles
 t - 2 javelins {throwing}
 y - 5 silver javelins {throwing}
 Z - 45 poisoned darts (quivered) {throwing}
Armour
 j - the +1 pair of boots of a Labyrinth (worn) {rF+ Dex+3 SInv}
   (You found it in a volcano)

   Dex:       It affects your dexterity (+3).
   rF:        It protects you from fire.
   SInv:      It lets you see invisible.
 s - the +4 moon troll leather armour (worn) {Spirit, Regen++ MP+5}
   (You took it off a minotaur in a Gauntlet)

   MP:        It affects your magic capacity (+5).
   Regen:     It increases your rate of health regeneration.
 A - a +2 chain mail of fire resistance
   (You found it in a volcano)
 L - the +0 helmet of Xeorusom (worn) {rElec Dex+7 SInv}
   (You found it on level 1 of the Orcish Mines)

   Dex:       It affects your dexterity (+7).
   rElec:     It insulates you from electricity.
   SInv:      It lets you see invisible.
 M - the +1 Delatra's gloves (worn) {ID++}
   (You found it on level 4 of the Dungeon)

   It heals its wearer when they drink unknown potions.
   It restores its wearer's MP when they read unknown scrolls.
 N - a +2 cloak (worn)
   (You found it on level 9 of the Dungeon)
 Q - the +0 tower shield of the Worm (worn) {rPois Str+4}
   (You took it off Louise on level 15 of the Dungeon)

   Str:       It affects your strength (+4).
   rPois:     It protects you from poison.
Jewellery
 a - the ring of Hovus {*Corrode rF+ rC++ Int+4}
   (You found it on level 11 of the Dungeon)

   [ring of protection from fire]

   Int:       It affects your intelligence (+4).
   rF:        It protects you from fire.
   rC:        It greatly protects you from cold.
   *Corrode:  It may corrode you when you take damage.
 c - a ring of the Octopus King (right hand) {HP+2 AC+2 EV+2 SH+2 SInv}
   (You found it on level 2 of the Spider Nest)

   [ring of see invisible]

   AC:        It affects your AC (+2).
   EV:        It affects your evasion (+2).
   HP:        It affects your health (+2).
   SInv:      It lets you see invisible.
   SH:        It affects your SH (+2).
 d - a +4 ring of evasion
   (You found it on level 5 of the Dungeon)
 k - the amulet of Qolatyno (around neck) {RegenMP rF+ rN+ Str+4 Stlth+}
   (You found it in a Gauntlet)

   [amulet of magic regeneration]

   It increases your rate of magic regeneration.
   Str:       It affects your strength (+4).
   rF:        It protects you from fire.
   rN:        It protects you from negative energy.
   Stlth:     It makes you more stealthy.
 B - a +6 ring of intelligence
   (You found it on level 4 of the Dungeon)
 K - the ring "Zideuv" (left hand) {rC+ Int+2 SInv Stlth+}
   (You took it off a minotaur in a Gauntlet)

   [ring of see invisible]

   Int:       It affects your intelligence (+2).
   rC:        It protects you from cold.
   SInv:      It lets you see invisible.
   Stlth:     It makes you more stealthy.
 T - a ring of resist corrosion
   (You found it on level 5 of the Lair of Beasts)
 W - the ring "Oschol Zomm" {Ice rElec rPois Str+4 Slay-6}
   (You found it in a Gauntlet)

   [ring of ice]

   It enhances your ice magic.
   Str:       It affects your strength (+4).
   Slay:      It affects your accuracy & damage with ranged weapons and melee
   (-6).
   rF:        It makes you vulnerable to fire.
   rC:        It protects you from cold.
   rElec:     It insulates you from electricity.
   rPois:     It protects you from poison.
Wands
 z - a wand of polymorph (8)
   (You found it on level 15 of the Dungeon)
 E - a wand of mindburst (10)
   (You found it on level 5 of the Lair of Beasts)
 H - a wand of iceblast (9)
   (You found it on level 4 of the Dungeon)
 U - a wand of paralysis (31)
   (You found it on level 2 of the Lair of Beasts)
 X - a wand of flame (38)
   (You found it on level 1 of the Lair of Beasts)
Scrolls
 b - 2 scrolls of blinking {!r}
 f - 3 scrolls of amnesia
 g - 3 scrolls of silence {!r}
 l - 2 scrolls of vulnerability {!r!r}
 m - 3 scrolls of magic mapping {!r}
 r - 14 scrolls of teleportation {@r4}
 v - 5 scrolls of butterflies
 G - 2 scrolls of enchant armour
 I - 4 scrolls of poison {!r}
 O - 5 scrolls of immolation {!r!r}
 Y - 3 scrolls of fear
Potions
 h - 8 potions of ambrosia
 i - a potion of magic
 n - 12 potions of curing {@q1}
 p - 5 potions of flight
 q - a potion of resistance
 x - 8 potions of brilliance
 C - 7 potions of mutation {!q}
 P - 5 potions of haste {@q3}
 S - 3 potions of cancellation
 V - 4 potions of lignification {!q}
Miscellaneous
 o - a box of beasts
   (You found it in a Gauntlet)
 w - a tin of tremorstones (inert) {throwing}
   (You found it on level 10 of the Dungeon)
 J - a lightning rod (4/4)
   (You found it on level 5 of the Lair of Beasts)

Dungeon Overview and Level Annotations

Branches:
Dungeon (15/15) Zot: 24960  Temple (1/1) D:6 Zot: 5716    Lair (5/5) D:10 Zot: 23665
 Shoals (3/4) Lair:2 Zot: 16464  Spider (4/4) Lair:3 Zot: 19941   Slime (0/5) Lair:5
    Orc (2/2) D:11 Zot: 10966     Elf (0/3) Orc:2        Vaults (0/5) D:14
 Depths (0/4) D:15        Volcano (visited)         Gauntlet (visited)

Altars:
Ashenzari
Cheibriados
Dithmenos
Elyvilon
Fedhas
Gozag
Hepliaklqana
Kikubaaqudgha
Makhleb
Nemelex Xobeh
Okawaru
Qazlal
Ru
Sif Muna
Trog
Uskayaw
Vehumet
Wu Jian
Xom
Yredelemnul
Zin
The Shining One
Jiyva

Shops:
Orc:2 [=(*   Shoals:2 [*

Annotations:
D:8 exclusion: ice statue
D:9 2 runed translucent doors, exclusion: orange crystal statue
D:11 1 transporter
D:13 2 transporters, Atuuduag's ghost, journeyman DEEE
Shoals:2 2 transporters, exclusion: orange crystal statue, Ilsuiw

≈≈≈≈≈≈≈≈≈≈.(# ≈
≈≈≈≈≈≈≈≈≈...#.≈
≈≈≈≈≈≈≈≈≈....
≈≈≈≈≈≈≈≈≈... ≈≈≈≈≈≈≈≈.m#
..... ≈≈≈≈≈≈≈.E.# .......
≈≈≈≈≈≈mmm# ..........
≈≈≈≈≈≈mEE##### ..#.......
≈≈≈≈m≈m≈@≈##.###....##..≈
###.≈≈m≈≈.≈≈.##.....#.≈≈≈
##.≈≈≈≈≈≈≈≈≈≈≈......≈≈.
#.≈≈≈≈≈≈≈≈≈≈≈....≈≈..≈
##≈≈≈H≈≈≈≈≈≈.....≈≈.≈≈
#P≈≈≈≈≈?.≈≈....≈≈≈≈≈≈
#.≈≈≈≈≈≈≈....##≈≈≈≈≈≈≈
..≈≈≈≈.......#.≈<≈≈≈≈≈
..≈≈≈....#..≈≈≈..≈≈≈≈≈


You could see a merfolk impaler, 5 merfolk, a manticore, 3 water elementals, a
merfolk siren (mesmerising) and a water nymph.


Message History

You are too injured to fight recklessly!
Unknown command.
You slip free of the water engulfing you.
A manticore comes into view.
You howl as the wereblood boils in your veins!
You gasp with relief as air once again reaches your lungs.
The merfolk looks more healthy.
The merfolk throws a throwing net.
The throwing net hits you.
You become entangled in the net!
You hear a splash.
The merfolk hits you from afar with a +0 glaive of freezing.
The water nymph casts a spell at you. The water swirls and strikes you!!
The water elemental barely misses you.
A merfolk siren comes into view. It is wielding a +0 spear.
The water elemental hits you.
The water elemental engulfs you in water!
The merfolk hits you from afar with a +0 trident!
* * * LOW HITPOINT WARNING * * *
The merfolk hits you but does no damage.
The merfolk impaler hits you from afar with a +1 trident of flaming!
* * * LOW HITPOINT WARNING * * *
You see here a throwing net {=f!fthrowing}. 😨 HP[-31] MP[-10]
You take 31 damage, and now have 44/106 hp.
MASSIVE DAMAGE!! (PAUSE)
You lost 10 mp, and now have 16/41 mp.
Okay, then.
The tremorstone explodes into fragments!
The burst of rock shards engulfs the merfolk!
The burst of rock shards engulfs the water elemental!
The burst of rock shards engulfs the merfolk impaler!!
The burst of rock shards engulfs the water nymph!!
The burst of rock shards engulfs the merfolk!
The burst of rock shards engulfs the merfolk.
* * * LOW HITPOINT WARNING * * *
Your lungs strain for air!
You hear a shout!
You hear an angry hiss.
The merfolk hits you from afar with a +0 glaive of freezing.
* * * LOW HITPOINT WARNING * * *
The merfolk barely misses you.
The merfolk impaler hits you but does no damage.
The water elemental hits you.
The merfolk siren chants a haunting song.
You resist with almost no effort.
The merfolk hits you but does no damage. x2
The water elemental misses you.
The merfolk impaler misses you. 😨 HP[-4] MP[-1]
You take 4 damage, and now have 40/106 hp.
You lost 1 mp, and now have 15/41 mp.
The tremorstone explodes into fragments!
The burst of rock shards engulfs the merfolk!
The burst of rock shards engulfs the merfolk impaler!
The burst of rock shards engulfs the merfolk!! x2
The burst of rock shards engulfs the water elemental!
The burst of rock shards engulfs the water nymph!
The burst of rock shards engulfs the merfolk!
The burst of rock shards engulfs the water elemental!
The tin is emptied!
* * * LOW HITPOINT WARNING * * *
Your lungs strain for air!
You hear an angry hiss.
The merfolk completely misses you.
The merfolk hits you from afar with a +0 spear.
* * * LOW HITPOINT WARNING * * *
The water nymph gestures at you while chanting.
The water swirls and strikes you!!
* * * LOW HITPOINT WARNING * * *
The water elemental hits you!
* * * LOW HITPOINT WARNING * * *
The merfolk hits you but does no damage.
The merfolk impaler closely misses you. The merfolk closely misses you.
The merfolk hits you from afar with a +0 trident!
* * * LOW HITPOINT WARNING * * *
The water elemental hits you. 😱 HP[-39] MP[-15]
You take 39 damage, and now have 1/106 hp.
MASSIVE DAMAGE!! (PAUSE)
You lost 15 mp, and now have 0/41 mp.
You cannot read scrolls while unable to breathe!
Unknown command.
You cannot read scrolls while unable to breathe!
Unknown command.
Okay, then.
Okay, then.
Magic courses through your body.
Your lungs strain for air!
The merfolk closely misses you.
The merfolk impaler hits you from afar with a +1 trident of flaming.
The merfolk hits you from afar with a +0 spear!
* * * LOW HITPOINT WARNING * * *
The manticore flicks its tail.
The volley of spikes misses you.
The volley of spikes hits the water elemental!
The water elemental hits you!
* * * LOW HITPOINT WARNING * * *
The merfolk siren chants a haunting song.
You are mesmerised by the merfolk siren!
The merfolk hits you but does no damage.
The merfolk impaler hits you from afar with a +1 trident of flaming!
You die...

Skill      XL: |  1  2  3  4  5  6  7  8  9 10 11 12 13 14 15 16 17 18 19 20 |
---------------+-------------------------------------------------------------+-----
Short Blades   | 2 3 4 5 6 7 8 9 |  9.0
Fighting       | 3 4 5 6 7 8 9 10 | 10.8
Shields        | 3 4 5 6 7 8 9 11 15 16 | 16.0
Spellcasting   | 1 2 3 4 5 6 7 8 9 10 11 | 11.4
Air Magic      | 1 2 3 5 6 8 9 10 11 13 | 13.3
Armour         | 3 4 5 6 7 8 |  8.5
Ice Magic      | 1 2 3 4 5 6 7 |  7.0
Dodging        | 1 3 4 5 6 7 |  7.2
Transmutations | 3 5 6 7 |  7.7
Invocations    | 9 13 | 13.1
Poison Magic   | 9 |  9.3

Action                   |  1- 3 |  4- 6 |  7- 9 | 10-12 | 13-15 | 16-18 | 19-21 || total
-------------------------+-------+-------+-------+-------+-------+-------+-------++-------
Melee: Rapier            |   109 |   172 |   489 |   224 |       |       |       ||   994
       Bite              |    24 |    48 |   157 |   205 |   691 |   659 |   418 ||  2202
       Scimitar          |       |       |       |   184 |   357 |       |       ||   541
       Dagger            |       |       |       |       |    96 |       |       ||    96
       Quick blade       |       |       |       |       |   769 |  1127 |   722 ||  2618
Throw: Dart              |       |       |     1 |    12 |    11 |       |       ||    24
       Javelin           |       |       |       |     2 |       |       |       ||     2
       Throwing net      |       |       |       |       |     1 |       |       ||     1
 Cast: Frozen Ramparts   |       |       |       |    35 |    82 |    28 |    18 ||   163
       Wereblood         |       |       |       |       |    29 |    29 |    17 ||    75
       Olgreb's Toxic Ra |       |       |       |       |       |       |     7 ||     7
Invok: Divine Shield     |       |       |       |     3 |     1 |       |     1 ||     5
       Cleansing Flame   |       |       |       |       |       |     5 |     2 ||     7
       Summon Divine War |       |       |       |       |       |     4 |     3 ||     7
Evoke: Wand              |       |     4 |    17 |     8 |     8 |       |       ||    37
       Tin of tremorston |       |       |       |     1 |     3 |       |     2 ||     6
  Use: Potion            |       |     1 |     1 |     1 |     2 |     3 |     1 ||     9
       Scroll            |       |     5 |     7 |    10 |    20 |     6 |     1 ||    49
Armor: Scale mail        |    42 |    58 |     5 |       |       |       |       ||   105
       Ice dragon scales |       |       |   258 |   218 |   366 |       |       ||   842
       Chain mail        |       |       |       |       |     8 |       |       ||     8
       Troll leather arm |       |       |       |       |     2 |   193 |   150 ||   345
Dodge: Dodged            |    54 |    54 |   198 |   221 |   489 |   366 |   278 ||  1660
Block: Buckler           |    31 |    40 |   108 |   150 |   331 |    69 |       ||   729
       Tower shield      |       |       |       |       |       |   740 |   743 ||  1483

Levels and vault maps discovered:
D:1:      lightli_arrival_statuegarden, layout_basic,
          hellmonk_ecumenical_altar_defaced_shrine
D:2:      layout_loops_corners, st_stairs_12
D:3:      layout_basic, minivault_25
D:4:      layout_basic, pf_guarded_unrand_delatra
D:5:      layout_basic, uniq_grinder
D:6:      layout_loops_cross, minmay_temple_entry_ruins,
          chequers_serial_rivers_micro_b, minivault_10, nrook_loot_triangle,
          minivault_11
D:7:      layout_cave_pods, nicolae_uskayaw_suspiria, grunt_ministairs_8,
          nicolae_titane
D:8:      lemuel_ice_statue, layout_cave_pods, serial_park, serial_park_paths
          [serial_park_minivault_5x5_8], serial_park_tiny_2, uniq_joseph
D:9:      minmay_slanted_spiral_squares, layout_basic,
          minmay_statue_crystal_thing
D:10:     layout_basic, lair_entry_dummy, uniq_harold
D:11:     layout_basic, kennysheep_orc_monster_closet_entryway,
          hangedman_decor_clover_reticule, nicolae_diode_basic
D:12:     layout_stronghold, st_stairs_10, kennysheep_decorative_pillar
D:13:     layout_irregular_city, gammafunk_ghost_smash, minmay_holes,
          trog_butcher_becter, uniq_erolcha, uniq_azrael
D:14:     layout_roguey, erik_vaults_2, chequers_serial_rivers_small_3,
          gauntlet_entry_generic
D:15:     grunt_enter_depths_snipers, layout_loops_ring,
          chequers_serial_rivers_room_a, ice2_lemuel, uniq_roxanne, uniq_rupert,
          uniq_louise
Temple:   mainiacjoe_temple_starburst
Lair:1:   layout_regular_city
Lair:2:   layout_cave_pods, elwin_shoals_entry_rocks, beast_lair_carwin_2,
          serial_bayou_shore_a, infiniplex_staircase_pool_2, grunt_megastairs_2,
          serial_bayou_shore_b, uniq_amaemon
Lair:3:   layout_chaotic_city, spider_nest_entry_funnel_web,
          nicolae_volcano_entry_hallway, basic_altar, lemuel_fruit_fields,
          lemuel_fruit_tree
Lair:4:   layout_cave_pods, special_room [special_room_mythical_zoo],
          gammafunk_ghost_wrathful_warriors, minivault_23, uniq_urug
Lair:5:   minmay_lair_end_frog_pond, layout_gridlike, slime_entry_1
Shoals:1: layout_shoals, nicolae_shoals_aquamancer_cove, uniq_kirke
Shoals:2: gammafunk_sealed_arena, layout_shoals, nicolae_stop_n_shop_1,
          nicolae_alphabet_shops, nicolae_shoals_water_booths, uniq_ilsuiw
Shoals:3: layout_shoals
Spider:1: layout_spider_delve
Spider:2: nicolae_spider_hilbert_zone_7 [nicolae_spider_hilbert_4_sides_1_open,
          nicolae_spider_hilbert_4_sides_1_open,
          nicolae_spider_hilbert_4_sides_1_open,
          nicolae_spider_hilbert_4_sides_1_open,
          nicolae_spider_hilbert_3_sides_1_open,
          nicolae_spider_hilbert_3_sides_1_open,
          nicolae_spider_hilbert_3_sides_1_open,
          nicolae_spider_hilbert_3_sides_1_open,
          nicolae_spider_hilbert_4_sides_1_open,
          nicolae_spider_hilbert_4_sides_1_open,
          nicolae_spider_hilbert_4_sides_1_open,
          nicolae_spider_hilbert_2_sides_1_open,
          nicolae_spider_hilbert_2_sides_1_open,
          nicolae_spider_hilbert_2_sides_1_open,
          nicolae_spider_hilbert_2_sides_1_open,
          nicolae_spider_hilbert_2_sides_1_open,
          nicolae_spider_hilbert_2_sides_1_open], ebering_ghost_xom
Spider:3: layout_spider_delve, drop_trap
Spider:4: hellmonk_spider_rune_endless_swarm, guppyfry_spider_mini_1, uniq_mara
Orc:1:    layout_caves, biasface_ghost_orc_armoury
Orc:2:    grunt_orc_gardens, layout_diamond_mine, grunt_orc_garden,
          grunt_orc_garden, grunt_orc_garden, grunt_orc_garden, uniq_jorgrun

Notes
Turn   | Place    | Note
-------+----------+-------------------------------------------
     0 | D:1      | mcwallace the Vine Stalker Fighter began the quest for the
                  | Orb.
     0 | D:1      | Reached XP level 1. HP: 11/11 MP: 2/2
     0 | D:1      | magus.rc [v1.9.6]
   292 | D:1      | Reached XP level 2. HP: 11/16 MP: 3/3
   543 | D:1      | Reached skill level 2 in Short Blades
   956 | D:1      | Reached skill level 3 in Fighting
   956 | D:1      | Reached skill level 3 in Shields
   956 | D:1      | Reached skill level 1 in Spellcasting
   956 | D:1      | Reached XP level 3. HP: 19/20 MP: 2/5
  1279 | D:1      | Found a faded altar of an unknown god.
  1497 | D:1      | HP: 5/20 [hobgoblin (1)]
  2178 | D:2      | You pick up a book of the Hunter and begin reading...
  2178 | D:2      | You add the spells Call Canine Familiar, Portal Projectile
                  | and Leda's Liquefaction to your library.
  2387 | D:2      | Gained mutation: Your natural rate of healing is unusually
                  | fast. [Vine Stalker growth]
  2387 | D:2      | Reached XP level 4. HP: 24/24 MP: 7/7
  2573 | D:2      | You pick up a book of Frost and begin reading...
  2573 | D:2      | You add the spells Freeze, Frozen Ramparts and Hailstorm to
                  | your library.
  3300 | D:4      | Reached skill level 1 in Air Magic
  3300 | D:4      | Reached XP level 5. HP: 28/28 MP: 8/8
  3640 | D:4      | Reached skill level 3 in Armour
  3644 | D:4      | Reached skill level 1 in Ice Magic
  3710 | D:4      | Reached skill level 2 in Spellcasting
  3722 | D:4      | Reached skill level 2 in Air Magic
  3722 | D:4      | Reached XP level 6. HP: 24/32 MP: 6/10
  3848 | D:4      | Noticed an orc warrior
  4316 | D:4      | Killed an orc warrior
  4317 | D:4      | Reached skill level 3 in Short Blades
  4317 | D:4      | Reached XP level 7. HP: 37/37 MP: 11/11
  4418 | D:4      | Found the +1 Delatra's gloves {ID++}
  4431 | D:4      | Reached skill level 3 in Air Magic
  4910 | D:5      | Entered Level 5 of the Dungeon
  5005 | D:5      | Reached skill level 2 in Ice Magic
  5054 | D:5      | Noticed Grinder
  5077 | D:5      | Paralysed by Grinder for 2 turns
  5081 | D:5      | Killed Grinder
  5082 | D:5      | Reached skill level 4 in Fighting
  5082 | D:5      | Reached skill level 4 in Shields
  5082 | D:5      | Reached skill level 3 in Spellcasting
  5470 | D:5      | Gained mutation: You have razor-sharp teeth. [Vine Stalker
                  | growth]
  5470 | D:5      | Reached XP level 8. HP: 34/42 MP: 9/13
  5476 | D:5      | Reached skill level 4 in Air Magic
  6021 | D:6      | You add the spells Gell's Gravitas, Teleport Other and
                  | Dispersal to your library.
  6108 | D:5      | Reached skill level 3 in Ice Magic
  6156 | D:6      | Found a staircase to the Ecumenical Temple.
  6165 | Temple   | Entered the Ecumenical Temple
  6334 | Temple   | Became a worshipper of the Shining One
  6466 | D:6      | Reached skill level 4 in Short Blades
  6466 | D:6      | Reached skill level 4 in Armour
  6560 | D:6      | Reached skill level 5 in Air Magic
  7190 | D:7      | HP: 6/42 [steam dragon] (6)]
  7192 | D:7      | Reached skill level 4 in Spellcasting
  7192 | D:7      | Reached XP level 9. HP: 5/46 MP: 3/16
  7304 | D:7      | Found a hide-covered altar of Uskayaw.
  7554 | D:7      | Reached skill level 5 in Shields
  7637 | D:7      | Reached skill level 5 in Fighting
  7718 | D:7      | Reached skill level 6 in Air Magic
  7775 | D:7      | Reached skill level 4 in Ice Magic
  7782 | D:7      | HP: 11/47 [centaur/+2 vorpal hand axe (6)]
  7784 | D:7      | Reached skill level 1 in Dodging
  8172 | D:7      | Noticed a hornet
  8179 | D:7      | Paralysed by a hornet for 3 turns
  8184 | D:7      | Killed a hornet
  8190 | D:7      | HP: 11/47 [poisoned by a hornet]
  8636 | D:8      | Reached * piety under the Shining One
  8977 | D:8      | Reached skill level 5 in Short Blades
  9015 | D:8      | Reached skill level 5 in Spellcasting
  9015 | D:8      | Reached XP level 10. HP: 49/51 MP: 18/18
  9078 | D:8      | Noticed Joseph
  9112 | D:8      | Killed Joseph
  9113 | D:8      | Reached skill level 5 in Armour
  9113 | D:8      | Reached skill level 2 in Dodging
  9113 | D:8      | Reached skill level 7 in Air Magic
  9192 | D:8      | Noticed an ice statue
  9707 | D:9      | Noticed a two-headed ogre
  9719 | D:9      | Killed a two-headed ogre
  9720 | D:9      | Reached skill level 5 in Ice Magic
  9826 | D:9      | Learned a level 3 spell: Frozen Ramparts
  9845 | D:9      | Reached skill level 6 in Fighting
  9845 | D:9      | Reached skill level 6 in Shields
 10050 | D:9      | Reached skill level 8 in Air Magic
 10105 | D:9      | Reached skill level 3 in Dodging
 10194 | D:9      | Found a runed translucent door.
 10261 | D:9      | Found a runed translucent door.
 10267 | D:9      | Reached XP level 11. HP: 56/56 MP: 17/20
 10275 | D:9      | Reached skill level 6 in Spellcasting
 10407 | D:9      | Found a runed translucent door.
 10534 | D:9      | Found a runed translucent door.
 10690 | D:9      | Noticed a two-headed ogre
 10698 | D:9      | Killed a two-headed ogre
 10699 | D:9      | Reached skill level 6 in Short Blades
 10756 | D:9      | Noticed a five-headed hydra
 10790 | D:9      | Killed a five-headed hydra
 10791 | D:9      | Reached skill level 6 in Ice Magic
 10845 | D:9      | Noticed a tengu warrior
 10873 | D:9      | Killed a tengu warrior
 10876 | D:9      | Reached skill level 9 in Air Magic
 11018 | D:9      | Noticed an orange crystal statue
 11018 | D:9      | Reached ** piety under the Shining One
 11066 | D:10     | Entered Level 10 of the Dungeon
 11066 | D:10     | Noticed a two-headed ogre
 11071 | D:10     | Killed a two-headed ogre
 11093 | D:10     | Reached skill level 6 in Armour
 11113 | D:10     | Noticed Harold
 11151 | D:10     | Killed Harold
 11152 | D:10     | Reached skill level 4 in Dodging
 11233 | D:10     | Found a staircase to the Lair.
 11428 | D:10     | You pick up a book of Blood and begin reading...
 11428 | D:10     | You add the spells Sublimation of Blood, Wereblood and
                  | Summon Hydra to your library.
 11529 | D:10     | Noticed a manticore
 11538 | D:10     | Killed a manticore
 11636 | D:10     | Reached skill level 7 in Fighting
 11649 | D:10     | Reached skill level 7 in Shields
 11649 | D:10     | Reached XP level 12. HP: 58/63 MP: 20/23
 11686 | D:10     | HP: 15/63 [electric eel/bolt of electricity (6)]
 11816 | D:10     | Reached skill level 1 in Transmutations
 11927 | D:10     | You pick up a book of Burglary and begin reading...
 11927 | D:10     | You add the spells Passwall, Ensorcelled Hibernation and
                  | Swiftness to your library.
 11978 | Lair:1   | Entered Level 1 of the Lair of Beasts
 11986 | Lair:1   | Noticed a boulder beetle
 11996 | Lair:1   | Reached skill level 7 in Spellcasting
 12009 | Lair:1   | Killed a boulder beetle
 12031 | Lair:1   | Reached skill level 2 in Transmutations
 12052 | Lair:1   | Reached skill level 7 in Ice Magic
 12052 | Lair:1   | Reached skill level 10 in Air Magic
 12195 | Lair:1   | Reached skill level 7 in Short Blades
 12443 | Lair:1   | You pick up a book of Party Tricks and begin reading...
 12443 | Lair:1   | You add the spells Apportation and Alistair's Intoxication
                  | to your library.
 12963 | Lair:2   | Noticed a seven-headed hydra
 12973 | Lair:2   | Killed a three-headed hydra
 12974 | Lair:2   | Reached skill level 3 in Transmutations
 12984 | Lair:2   | Noticed Amaemon
 12994 | Lair:2   | Killed Amaemon
 12995 | Lair:2   | Reached skill level 5 in Dodging
 12999 | Lair:2   | Reached *** piety under the Shining One
 13305 | Lair:2   | Reached XP level 13. HP: 60/68 MP: 18/25
 13446 | Lair:2   | Found a staircase to the Shoals.
 13550 | Lair:2   | Reached skill level 7 in Armour
 13864 | Lair:2   | Reached skill level 8 in Spellcasting
 13970 | Lair:2   | Reached skill level 11 in Air Magic
 14333 | Lair:3   | Reached skill level 4 in Transmutations
 14356 | Lair:3   | Reached skill level 8 in Fighting
 14640 | Lair:3   | Found a dark tunnel.
 14647 | Volcano  | Entered a volcano
 14665 | Volcano  | Learned a level 2 spell: Wereblood
 14680 | Volcano  | Reached skill level 8 in Shields
 14933 | Volcano  | Noticed a fire dragon
 14949 | Volcano  | Killed a fire dragon
 14976 | Volcano  | Found a bloodstained altar of Trog.
 15000 | Volcano  | HP: 12/68 [hell hog/fireball (12)]
 15134 | Volcano  | Identified the +1 pair of boots of a Labyrinth {rF+ Dex+3
                  | SInv}
 15297 | Lair:3   | Found a hole to the Spider Nest.
 15427 | Lair:3   | Reached skill level 8 in Short Blades
 15565 | Lair:3   | Found a burning altar of Makhleb.
 15838 | Lair:4   | Reached skill level 6 in Dodging
 15885 | Lair:4   | Reached skill level 5 in Transmutations
 15931 | Lair:4   | Reached XP level 14. HP: 74/74 MP: 27/27
 15972 | Lair:4   | Reached **** piety under the Shining One
 16131 | Lair:4   | Reached skill level 12 in Air Magic
 16167 | Lair:4   | Noticed Urug
 16184 | Lair:4   | Killed Urug
 16253 | Lair:4   | Noticed Beilucy's ghost (journeyman FoFi)
 16255 | Lair:4   | Found a bloodstained altar of Trog.
 16265 | Lair:4   | Found a transporter.
 16274 | Lair:4   | Found a transporter.
 16456 | Lair:4   | Reached skill level 9 in Spellcasting
 16498 | Lair:4   | Identified the +5 scale mail "Peelog" {rF- Int+7}
 17002 | Lair:4   | Killed Beilucy's ghost
 17036 | Lair:4   | You pick up a book of Hexes and begin reading...
 17036 | Lair:4   | You add the spells Inner Flame, Cause Fear and Discord to
                  | your library.
 17128 | Lair:5   | Entered Level 5 of the Lair of Beasts
 17128 | Lair:5   | Found a viscous altar of Jiyva.
 17128 | Lair:5   | Found a staircase to the Slime Pits.
 17174 | Lair:5   | HP: 13/74 [tyrant leech (6)]
 17356 | Lair:5   | HP: 17/74 [acid (7)]
 17361 | Lair:5   | HP: 11/74 [poisoned by a cane toad]
 17366 | Lair:5   | HP: 10/74 [wolf (1)]
 17375 | Lair:5   | Reached skill level 8 in Armour
 17376 | Lair:5   | HP: 14/74 [polar bear (7)]
 17478 | Lair:5   | Reached skill level 6 in Transmutations
 17533 | Lair:5   | Identified a scroll of acquirement
 17534 | Lair:5   | Acquired a +7 quick blade
 17536 | Lair:5   | u - a +7 quick blade {shortrare=g}
 17537 | Lair:5   | u - a +7 quick blade (weapon) {shortrare=g}
 17619 | Lair:5   | Reached ***** piety under the Shining One
 17694 | Lair:5   | Reached skill level 9 in Shields
 17704 | Lair:5   | Reached skill level 9 in Fighting
 17978 | Lair:5   | Reached skill level 9 in Short Blades
 18064 | Lair:5   | Reached skill level 13 in Air Magic
 18161 | Lair:5   | Reached skill level 7 in Dodging
 18235 | Lair:5   | Reached XP level 15. HP: 64/79 MP: 26/29
 18870 | D:11     | Found a staircase to the Orcish Mines.
 19313 | D:11     | You pick up a book of Iron and begin reading...
 19313 | D:11     | You add the spells Animate Armour, Blade Hands and Iron
                  | Shot to your library.
 19332 | D:11     | Identified the ring of Hovus {*Corrode rF+ rC++ Int+4}
 19819 | D:11     | Found a transporter.
 19908 | D:11     | your +7 quick blade {shortrare=g} glows red for a moment.
 19909 | D:11     | your +8 quick blade {shortrare=g} glows red for a moment.
 19951 | D:12     | Reached skill level 1 in Invocations
 20143 | D:12     | Reached skill level 2 in Invocations
 20193 | D:12     | You pick up a book of Alchemy and begin reading...
 20193 | D:12     | You add the spells Petrify and Irradiate to your library.
 20250 | D:12     | Reached skill level 3 in Invocations
 20835 | D:12     | Reached skill level 4 in Invocations
 20991 | D:13     | Reached skill level 5 in Invocations
 21018 | D:13     | Noticed Azrael
 21066 | D:13     | Killed Azrael
 21159 | D:13     | Noticed Erolcha
 21176 | D:13     | Killed Erolcha
 21199 | D:13     | Reached skill level 6 in Invocations
 21310 | D:13     | Found a transporter.
 21311 | D:13     | Noticed Atuuduag's ghost (journeyman DEEE)
 21639 | D:13     | Found a bloodstained altar of Trog.
 21867 | D:13     | Found a transporter.
 21933 | D:14     | You fall into a shaft and drop 1 floor!
 21933 | D:15     | Entered Level 15 of the Dungeon
 21995 | D:14     | Found a gate to the Vaults.
 22005 | D:14     | Reached skill level 7 in Invocations
 22032 | D:14     | Reached skill level 8 in Invocations
 22084 | D:14     | Found a gate leading to a gauntlet.
 22090 | Gauntlet | Entered a Gauntlet
 22090 | Gauntlet | Reached ****** piety under the Shining One
 22090 | Gauntlet | Found a transporter.
 22090 | Gauntlet | Found a transporter.
 22090 | Gauntlet | Found a transporter.
 22091 | Gauntlet | Found a transporter.
 22094 | Gauntlet | Found a transporter.
 22094 | Gauntlet | Found a transporter.
 22104 | Gauntlet | Found a transporter.
 22108 | Gauntlet | Found a transporter.
 22117 | Gauntlet | Found a transporter.
 22117 | Gauntlet | Found a transporter.
 22120 | Gauntlet | Found a transporter.
 22234 | Gauntlet | Found a transporter.
 22473 | Gauntlet | You are cast into the Abyss!
 22473 | Abyss:2  | Found a corrupted altar of Lugonu.
 22473 | Abyss:2  | Cast into level 2 of the Abyss (a wizard)
 22523 | Abyss:2  | Noticed an angel
 22649 | Gauntlet | You pass through the gate.
 22649 | Gauntlet | Escaped the Abyss
 22724 | Gauntlet | You pick up a book of Party Tricks and begin reading...
 22807 | Gauntlet | Reached skill level 9 in Invocations
 22820 | Gauntlet | Identified the +5 hat of the Maze {Will+}
 22838 | Gauntlet | Identified the amulet of Qolatyno {RegenMP rF+ rN+ Str+4
                  | Stlth+}
 22852 | Gauntlet | your +9 quick blade {shortrare=g} emits a brilliant flash
                  | of light!
 22852 | Gauntlet | u - a +9 vorpal quick blade (weapon) {shortrare=g}
 22911 | Gauntlet | Identified the ring "Oschol Zomm" {Ice rElec rPois Str+4
                  | Slay-6}
 22921 | Gauntlet | Identified the ring "Zideuv" {rC+ Int+2 SInv Stlth+}
 22921 | Gauntlet | a minotaur comes into view. It is wielding a +1 broad axe
                  | of electrocution, wearing the +4 moon troll leather armour
                  | {Spirit, Regen++ MP+5} and wearing the ring "Zideuv" {rC+
                  | Int+2 SInv Stlth+}.
 22923 | Gauntlet | Aim: a minotaur, wielding a +1 broad axe of electrocution,
                  | wearing the +4 moon troll leather armour {Spirit, Regen++
                  | MP+5}, wearing the ring "Zideuv" {rC+ Int+2 SInv Stlth+}
                  | and quivering javelins (poison gas, haloed, chance to
                  | affect: 6%)
 22923 | Gauntlet | Aim: a minotaur, wielding a +1 broad axe of electrocution,
                  | wearing the +4 moon troll leather armour {Spirit, Regen++
                  | MP+5}, wearing the ring "Zideuv" {rC+ Int+2 SInv Stlth+}
                  | and quivering javelins (poison gas, haloed, chance to
                  | affect: 6%)
 22923 | Gauntlet | Aim: a minotaur, wielding a +1 broad axe of electrocution,
                  | wearing the +4 moon troll leather armour {Spirit, Regen++
                  | MP+5}, wearing the ring "Zideuv" {rC+ Int+2 SInv Stlth+}
                  | and quivering javelins (poison gas, haloed, 85% to hit)
 22923 | Gauntlet | Aim: a minotaur, wielding a +1 broad axe of electrocution,
                  | wearing the +4 moon troll leather armour {Spirit, Regen++
                  | MP+5}, wearing the ring "Zideuv" {rC+ Int+2 SInv Stlth+}
                  | and quivering javelins (poison gas, haloed, 85% to hit)
 22925 | Gauntlet | Aim: a minotaur, wielding a +1 broad axe of electrocution,
                  | wearing the +4 moon troll leather armour {Spirit, Regen++
                  | MP+5}, wearing the ring "Zideuv" {rC+ Int+2 SInv Stlth+}
                  | and quivering javelins (poison gas, poisoned, haloed, 85%
                  | to hit)
 22925 | Gauntlet | Aim: a minotaur, wielding a +1 broad axe of electrocution,
                  | wearing the +4 moon troll leather armour {Spirit, Regen++
                  | MP+5}, wearing the ring "Zideuv" {rC+ Int+2 SInv Stlth+}
                  | and quivering javelins (poison gas, poisoned, haloed, 85%
                  | to hit)
 22926 | Gauntlet | Aim: a minotaur, wielding a +1 broad axe of electrocution,
                  | wearing the +4 moon troll leather armour {Spirit, Regen++
                  | MP+5}, wearing the ring "Zideuv" {rC+ Int+2 SInv Stlth+}
                  | and quivering javelins (poison gas, lightly wounded, very
                  | poisoned, haloed, 85% to hit)
 22926 | Gauntlet | Aim: a minotaur, wielding a +1 broad axe of electrocution,
                  | wearing the +4 moon troll leather armour {Spirit, Regen++
                  | MP+5}, wearing the ring "Zideuv" {rC+ Int+2 SInv Stlth+}
                  | and quivering javelins (poison gas, lightly wounded, very
                  | poisoned, haloed, 85% to hit)
 23021 | Gauntlet | You pick up a book of Transfigurations {@e2} and begin
                  | reading...
 23078 | D:14     | Reached XP level 16. HP: 84/84 MP: 30/30
 23098 | D:14     | Reached skill level 10 in Invocations
 23335 | D:14     | Reached skill level 11 in Invocations
 23855 | D:15     | Noticed Roxanne
 23921 | D:15     | Killed Roxanne
 23923 | D:15     | You pick up a book of the Earth and begin reading...
 23923 | D:15     | You add the spells Lee's Rapid Deconstruction and Statue
                  | Form to your library.
 24002 | D:15     | Reached skill level 12 in Invocations
 24137 | D:15     | Identified the +7 chain mail "Osmowo" {Regen+}
 24251 | D:15     | Noticed Rupert
 24260 | D:15     | Killed Rupert
 24425 | D:15     | Reached skill level 13 in Invocations
 24532 | D:15     | Identified the +0 tower shield of the Worm {rPois Str+4}
 24532 | D:15     | Noticed Louise
 24542 | D:15     | Killed Louise
 24601 | D:15     | Found a staircase to the Depths.
 25098 | Orc:1    | Entered Level 1 of the Orcish Mines
 25242 | Orc:1    | Reached skill level 10 in Shields
 25337 | Orc:1    | Found a runed translucent gate.
 25356 | Orc:1    | Found a runed translucent gate.
 25358 | Orc:1    | Noticed Ixuijul's ghost (adept GnWn)
 25396 | Orc:1    | Found a runed translucent gate.
 25431 | Orc:1    | Killed Ixuijul's ghost
 25462 | Orc:1    | a +2 vorpal double sword {longrare=g}; a +0 chain mail; an
                  | orc corpse
 25462 | Orc:1    | a +2 vorpal double sword {longrare=g}; a +0 chain mail; an
                  | orc corpse
 25462 | Orc:1    | Could not pick up a +2 vorpal double sword {longrare=g}
                  | here; ([A]lways) ignore it?
 25468 | Orc:1    | Identified the +0 helmet of Xeorusom {rElec Dex+7 SInv}
 25518 | Orc:2    | Entered Level 2 of the Orcish Mines
 25578 | Orc:2    | Found Nygreu's Antique Armour Shoppe.
 25658 | Orc:2    | Found Miucw's Jewellery Shoppe.
 25694 | Orc:2    | Reached skill level 11 in Shields
 25700 | Orc:2    | Identified a +1 robe of the Archmagi
 25700 | Orc:2    | Noticed Jorgrun
 25713 | Orc:2    | Killed Jorgrun
 25761 | Orc:2    | Reached XP level 17. HP: 75/88 MP: 28/31
 25803 | Orc:2    | Found Ladaw's Antique Weapon Emporium.
 25816 | Orc:2    | Found a staircase to the Elven Halls.
 25901 | Orc:2    | Found Navvuf Uhice's General Store.
 25909 | Orc:2    | Bought a scroll of enchant armour for 105 gold pieces
 26200 | Orc:2    | magus.rc [v1.9.6]
 26342 | Spider:1 | Entered Level 1 of the Spider Nest
 26425 | Spider:1 | Reached skill level 12 in Shields
 27288 | Spider:2 | Reached skill level 13 in Shields
 27475 | Spider:2 | Found a runed translucent door.
 27475 | Spider:2 | Found a shimmering altar of Xom.
 27475 | Spider:2 | Noticed RBrandon's ghost (adept MeFi)
 27475 | Spider:2 | Found the ring of the Octopus King
 27476 | Spider:2 | Identified the +8 war axe of Dissolution {chaos, rC++}
 27841 | Spider:2 | Reached skill level 14 in Shields
 28528 | Spider:2 | Killed RBrandon's ghost
 28533 | Spider:2 | Identified a ring of the Octopus King {HP+2 AC+2 EV+2 SH+2
                  | SInv}
 28655 | Spider:3 | Identified 2 potions of experience
 28656 | Spider:3 | Reached skill level 15 in Shields
 28656 | Spider:3 | Reached skill level 10 in Spellcasting
 28656 | Spider:3 | Reached XP level 18. HP: 93/93 MP: 33/33
 28657 | Spider:3 | Reached skill level 10 in Fighting
 28657 | Spider:3 | Reached XP level 19. HP: 98/98 MP: 34/34
 28695 | Spider:3 | You add the spells Sting, Poisonous Vapours and Olgreb's
                  | Toxic Radiance to your library.
 28784 | Spider:3 | Reached skill level 11 in Spellcasting
 29100 | Spider:3 | Reached XP level 20. HP: 104/104 MP: 36/36
 29516 | Spider:4 | Entered Level 4 of the Spider Nest
 29664 | Spider:4 | You add the spells Summon Forest and Eringya's Noxious Bog
                  | to your library.
 29709 | Spider:4 | You add the spells Blink, Manifold Assault and Storm Form
                  | to your library.
 29720 | Spider:4 | Noticed Mara
 29741 | Spider:4 | Killed Mara
 29742 | Spider:4 | Reached skill level 1 in Poison Magic
 29757 | Spider:4 | Reached skill level 2 in Poison Magic
 29845 | Spider:4 | Reached skill level 3 in Poison Magic
 29904 | Spider:4 | Reached skill level 16 in Shields
 29948 | Spider:4 | Reached skill level 4 in Poison Magic
 30357 | Spider:4 | Reached skill level 5 in Poison Magic
 30570 | Spider:4 | Reached skill level 6 in Poison Magic
 30651 | Spider:4 | Got a gossamer rune of Zot
 30674 | Spider:4 | Learned a level 4 spell: Olgreb's Toxic Radiance
 30907 | Shoals:1 | Entered Level 1 of the Shoals
 31097 | Shoals:1 | Reached skill level 7 in Poison Magic
 31186 | Shoals:1 | Acquired 1006 gold pieces
 31405 | Shoals:1 | Noticed Kirke
 31417 | Shoals:1 | Killed Kirke
 31458 | Shoals:1 | Reached skill level 8 in Poison Magic
 31886 | Shoals:2 | Found Woifeod's Armour Emporium.
 31905 | Shoals:2 | Reached skill level 7 in Transmutations
 31953 | Shoals:2 | Reached skill level 9 in Poison Magic
 31955 | Shoals:2 | Found a transporter.
 31957 | Shoals:2 | Noticed Ilsuiw
 31988 | Shoals:2 | Found a transporter.
 32151 | Shoals:2 | Found Iygetorch's Incredible Inventory.
 32181 | Shoals:2 | Bought a manual of Ice Magic for 1360 gold pieces
 32181 | Shoals:2 | Bought a manual of Invocations for 1360 gold pieces
 32484 | Shoals:3 | HP: 14/106 [water nymph/the raging water (20)]
 32484 | Shoals:3 | HP: 6/106 [water elemental[a merfolk aquamancer] (8)]
 32484 | Shoals:3 | HP: 1/106 [merfolk/+0 trident[a merfolk aquamancer] (5)]
 32485 | Shoals:3 | Mangled by a merfolk impaler

Vanquished Creatures
  Jorgrun (Orc:2)
  Roxanne (D:15)
  The ghost of Ixuijul the Spry, an adept GnWn of Hepliaklqana (Orc:1)
  3 ghost moths (Spider:2)
  4 emperor scorpions
  6 broodmothers
  A stone giant (Orc:2)
  Azrael (D:13)
  A minotaur (Gauntlet)
  4 entropy weavers
  The ghost of Beilucy the Cruncher, a journeyman FoFi of Gozag (Lair:4)
  5 spark wasps
  3 merfolk impalers
  3 ettins (Orc:2)
  A fire dragon (Volcano)
  10 hydras
  Harold (D:10)
  Erolcha (D:13)
  5 radroaches
  8 vault guards (D:14)
  2 jorogumos
  3 centaur warriors
  An ice dragon (D:15)
  7 boulder beetles
  5 merfolk aquamancers
  A catoblepas (Lair:5)
  An ogre mage (D:15)
  8 two-headed ogres
  15 death yaks
  A hell hog (Volcano)
  A dancing weapon (Spider:2)
  2 orc high priests
  Urug (Lair:4)
  7 tengu warriors
  Amaemon (Lair:2)
  4 pharaoh ants
  2 goliath frogs
  4 skeletal warriors (D:14)
  A sun moth (Spider:4)
  10 orb spiders
  2 sea snakes (Shoals:1)
  An obsidian statue (Volcano)
  6 steelbarb worms
  4 orc knights (Orc:1)
  A harpy (shapeshifter) (D:15)
  14 harpies
  21 wolf spiders
  8 ugly things
  A wizard (Gauntlet)
  5 deep elf pyromancers
  14 cyclopes
  2 orc sorcerers
  4 manticores
  5 moths of wrath
  10 elephants
  2 merfolk sirens
  Joseph (D:8)
  A water nymph (Shoals:1)
  11 torpor snails
  4 black mambas
  An ice statue (D:15)
  An orange demon (Lair:2)
  17 cane toads
  A gargoyle (D:11)
  4 rime drakes (Lair:4)
  5 demonic crawlers
  3 efreet
  A freezing wraith (D:14)
  2 tengu conjurers
  10 merfolk
  7 komodo dragons
  3 trolls
  7 polar bears
  A wolf spider simulacrum (D:14)
  2 wind drakes
  2 hornets
  2 tyrant leeches (Lair:5)
  5 slime creatures (D:11)
  25 blink frogs
  Grinder (D:5)
  A hornet (shapeshifter) (D:14)
  4 snapping turtles
  18 tarantellas
  10 dream sheep
  23 culicivoras
  3 large abominations (Gauntlet)
  A shadow (D:12)
  A vampire (D:13)
  3 wraiths
  4 water elementals
  26 jumping spiders
  4 spriggans (Lair:4)
  9 wyverns
  49 redbacks
  60 yaks
  12 fire bats (Volcano)
  5 basilisks (Lair:4)
  3 fire elementals
  2 steam dragons
  4 wargs
  15 vampire mosquitoes
  4 small abominations
  3 hell hounds
  11 water moccasins
  A meliai simulacrum (D:14)
  2 sky beasts (D:6)
  7 ice beasts
  27 orc warriors
  6 ogres
  6 wolves
  15 centaurs
  4 kobold brigands
  5 scorpions
  19 bullfrogs
  2 gnoll sergeants (D:11)
  3 wights
  A necrophage (D:5)
  11 killer bees (D:9)
  6 electric eels
  6 howler monkeys
  8 lava snakes
  15 orc priests
  2 gnoll boudas
  A hound (D:4)
  31 orc wizards
  7 iguanas
  2 hell rats (Lair:4)
  16 gnolls
  4 adders
  2 shadow imps (Gauntlet)
  3 white imps
  4 worms
  110 orcs
  4 ball pythons
  8 endoplasms
  5 giant cockroaches
  4 goblins
  3 hobgoblins
  7 jackals
  6 kobolds
  6 quokkas
  5 bats
  4 frilled lizards
  4 rats
  A butterfly (Lair:3)
1013 creatures vanquished.

Vanquished Creatures (collateral kills)
  Mara (Spider:4)
  Rupert (D:15)
  The ghost of RBrandon the Impaler, an adept MeFi of Makhleb (Spider:2)
  Kirke (Shoals:1)
  Louise (D:15)
  A frost giant (D:15)
  2 broodmothers (Spider:4)
  2 entropy weavers (Spider:4)
  A rakshasa (D:15)
  A boulder beetle (D:15)
  2 centaur warriors (D:15)
  A merfolk aquamancer (Shoals:1)
  2 tengu warriors (D:15)
  A wolf spider (Spider:4)
  A manticore (D:10)
  A tengu conjurer (D:15)
  A tarantella (Spider:4)
  A wind drake (Shoals:1)
  A hog (Shoals:1)
  5 redbacks (Spider:4)
28 creatures vanquished.

Vanquished Creatures (others)
  3 humans (Shoals:1)
  3 bushes (Lair:5)
  14 demonic plants (Gauntlet)
  32 fungi
  91 plants
143 creatures vanquished.

Grand Total: 1184 creatures vanquished

Table legend:
 A = Non-vault XP
 B = Vault XP
 C = Vault XP percentage of total XP
 D = Non-vault monster count
 E = Vault monster count
 F = Vault count percentage of total count
                 A         B        C        D         E       F
            +---------+---------+-------+---------+---------+-------
      Total |  189268 |  126855 |  40.1 |     728 |     312 |  30.0
            +---------+---------+-------+---------+---------+-------
        D:1 |      59 |      12 |  16.9 |      28 |       3 |   9.7
        D:2 |      12 |       0 |   0.0 |       7 |       0 |   0.0
        D:3 |      76 |       0 |   0.0 |      23 |       0 |   0.0
        D:4 |     383 |     221 |  36.6 |      17 |      10 |  37.0
        D:5 |     604 |     267 |  30.7 |      21 |       1 |   4.5
        D:6 |     581 |       0 |   0.0 |      13 |       0 |   0.0
        D:7 |    1574 |     415 |  20.9 |      29 |       2 |   6.5
        D:8 |    1059 |     471 |  30.8 |      25 |       1 |   3.8
        D:9 |    4023 |    4275 |  51.5 |      34 |      15 |  30.6
       D:10 |    4363 |     878 |  16.8 |      23 |       1 |   4.2
       D:11 |    6143 |    1387 |  18.4 |      23 |      20 |  46.5
       D:12 |    7192 |    1278 |  15.1 |      17 |       3 |  15.0
       D:13 |    5249 |    2843 |  35.1 |      14 |      10 |  41.7
       D:14 |   13290 |    6976 |  34.4 |      31 |       8 |  20.5
       D:15 |   14300 |    9794 |  40.6 |      20 |      15 |  42.9
     Lair:1 |    8335 |       0 |   0.0 |      30 |       0 |   0.0
     Lair:2 |    5634 |    2474 |  30.5 |      16 |       8 |  33.3
     Lair:3 |    6733 |     817 |  10.8 |      16 |       2 |  11.1
     Lair:4 |    7918 |    8015 |  50.3 |      23 |      23 |  50.0
     Lair:5 |   13888 |   10381 |  42.8 |      44 |      37 |  45.7
   Shoals:1 |   13708 |    4231 |  23.6 |      27 |       6 |  18.2
   Shoals:2 |    9102 |    1992 |  18.0 |      21 |       4 |  16.0
   Shoals:3 |    1017 |       0 |   0.0 |       3 |       0 |   0.0
   Spider:1 |   11192 |       0 |   0.0 |      39 |       0 |   0.0
   Spider:2 |   18899 |   16337 |  46.4 |      44 |      26 |  37.1
   Spider:3 |   20757 |       0 |   0.0 |      38 |       0 |   0.0
   Spider:4 |    7056 |   27654 |  79.7 |      21 |      49 |  70.0
      Orc:1 |    2481 |    4484 |  64.4 |      28 |      17 |  37.8
      Orc:2 |    3480 |    9984 |  74.2 |      52 |      13 |  20.0
    Abyss:3 |     160 |       0 |   0.0 |       1 |       0 |   0.0
    Volcano |       0 |    5277 | 100.0 |       0 |      23 | 100.0
   Gauntlet |       0 |    6392 | 100.0 |       0 |      15 | 100.0
            +---------+---------+-------+---------+---------+-------

Illustrated notes

Table legend:
 A = Kills in this place as a percentage of kills in entire the game.
 B = Kills by you in this place as a percentage of kills by you in the entire game.
 C = Kills by friends in this place as a percentage of kills by friends in the entire game.
 D = Other kills in this place as a percentage of other kills in the entire game.
 E = Experience gained in this place as a percentage of experience gained in the entire game.
 F = Experience gained in this place divided by the number of levels of this place that you have seen.
                   A       B       C       D       E      F
               +-------+-------+-------+-------+-------+----------------------
         Total | 100.0 | 100.0 | 100.0 |   N/A | 100.0 | 9297.7
       Dungeon |  39.8 |  39.8 |  39.3 |   N/A |  27.8 | 5848.3
          Lair |  19.1 |  19.7 |   0.0 |   N/A |  20.3 | 12839.0
        Shoals |   5.9 |   5.6 |  14.3 |   N/A |   9.5 | 10016.7
   Spider Nest |  20.9 |  20.2 |  46.4 |   N/A |  32.2 | 25473.8
  Orcish Mines |  10.6 |  10.9 |   0.0 |   N/A |   6.5 | 10214.5
         Abyss |   0.1 |   0.1 |   0.0 |   N/A |   0.1 |  80.0
       Volcano |   2.2 |   2.3 |   0.0 |   N/A |   1.7 | 5277.0
      Gauntlet |   1.4 |   1.5 |   0.0 |   N/A |   2.0 | 6392.0
               +-------+-------+-------+-------+-------+----------------------

Table legend: (Time is in decaauts)
 A = Elapsed time spent in this place.
 B = Non-inter-level travel time spent in this place.
 C = Inter-level travel time spent in this place.
 D = Time resting spent in this place.
 E = Time spent auto-exploring this place.
 F = Levels seen in this place.
 G = Mean time per level.
                   A        B        C        D        E       F      G
               +--------+--------+--------+--------+--------+-----+--------+
         Total |  31418 |  29190 |   2228 |   1024 |  19353 |  34 |  924.1 |
       Dungeon |  16748 |  15740 |   1008 |    645 |  11019 |  15 | 1116.5 |
        Temple |    283 |    170 |    113 |      0 |    156 |   1 |  283.0 |
          Lair |   6334 |   5641 |    693 |    212 |   3688 |   5 | 1266.8 |
        Shoals |   1534 |   1401 |    133 |      0 |    964 |   3 |  511.3 |
   Spider Nest |   4058 |   3838 |    220 |    119 |   2401 |   4 | 1014.5 |
  Orcish Mines |   1033 |    974 |     59 |      0 |    632 |   2 |  516.5 |
         Abyss |    168 |    168 |      0 |      0 |      0 |   2 |   84.0 |
       Volcano |    505 |    505 |      0 |      0 |    219 |   1 |  505.0 |
      Gauntlet |    751 |    751 |      0 |     48 |    272 |   1 |  751.0 |
               +--------+--------+--------+--------+--------+-----+--------+

Top non-repeatable levels by time:
     D:1: 1745 daAuts
  Lair:4: 1605 daAuts
     D:4: 1556 daAuts
     D:7: 1463 daAuts
  Lair:2: 1376 daAuts
     D:9: 1362 daAuts
Spider:2: 1232 daAuts
  Lair:5: 1205 daAuts
Spider:4: 1178 daAuts
  Lair:3: 1108 daAuts
    D:11: 1108 daAuts
     D:8: 1062 daAuts
  Lair:1: 1038 daAuts
     D:5: 1037 daAuts
    D:10: 1035 daAuts
